 Dungeon Crawl Stone Soup version 0.28-a0-1510-gd0f6b136d3 (webtiles) character file.

Game seed: 11379244627784908424

4 cheechan the Vexing (level 1, -7/13 HPs)
             Began as a Mummy Enchanter on Jan 16, 2022.
             Mangled by a gnoll (9 damage)
             ... on level 1 of the Dungeon.
             The game lasted 00:03:05 (170 turns).

cheechan the Vexing (Mummy Enchanter)                Turns: 170, Time: 00:03:06

Health: -7/13      AC:  2    Str: 11    XL:     1   Next: 58%
Magic:  4/4        EV: 12    Int: 14    God:
Gold:   21         SH:  0    Dex: 12    Spells: 5/5 levels left

rFire   x . .      SeeInvis .   a - +1 dagger
rCold   + . .      Faith    .   (no shield)
rNeg    + + +      Spirit   .   b - +0 robe
rPois   ∞          Reflect  .   (no helmet)
rElec   .          Harm     .   (no cloak)
rCorr   .          Rampage  .   (no gloves)
Will    .....                   (no boots)
Stlth   ++........              (no amulet)
HPRegen 0.04/turn               (no ring)
MPRegen 0.09/turn               (no ring)

@: no status effects
A: cold resistance 1, negative energy resistance 3, torment resistance 2, heat
vulnerability 1, no potions
a: no special abilities


You were on level 1 of the Dungeon.
You visited 1 branch of the dungeon, and saw 1 of its levels.

You collected 21 gold pieces.

Inventory:

Hand Weapons
 a - a +1 dagger (weapon)
Missiles
 c - 25 stones (quivered)
Armour
 b - a +0 robe (worn)


   Skills:
 + Level 0.7 Short Blades
 + Level 1.5 Dodging
 + Level 2.4 Stealth
 + Level 2.8 Spellcasting
 + Level 2.9 Hexes


You had 5 spell levels left.
You didn't know any spells.
Your spell library contained the following spells:

 Spells                   Type           Power      Damage    Failure   Level
 Ensorcelled Hibernation  Hex/Ice        12%        N/A       19%         2
 Confusing Touch          Hex            10%        N/A       21%         3
 Tukima's Dance           Hex            10%        N/A       21%         3
 Dazzling Flash           Conj/Hex       12%        N/A       36%         3


Dungeon Overview and Level Annotations

Branches:
Dungeon (1/15)

Altars:


Innate Abilities, Weirdness & Mutations

You are immune to poison.
Your flesh is cold resistant. (rC+)
You are immune to negative energy. (rN+++)
You are immune to unholy pain and torment.
You are vulnerable to heat. (rF-)
You do not drink.


Message History

You now have 21 gold pieces (gained 15).
Found a robe.
Found 25 stones.
Found a pink potion.
You see here a pink potion.
You see here 25 stones.
c - 25 stones
Found a stone staircase leading down.
Found a stone staircase leading down.
Found a hand axe.
Found 4 gold pieces.
Found a stone staircase leading down.
Found a scroll labelled RIGALERACK.
A bat and a rat come into view.
There is a stone staircase leading down here.
Okay, then.
You hit the bat.
The bat is severely wounded.
The bat hits you but does no damage.
You hit the bat.
You kill the bat!
A giant cockroach and a gnoll come into view.
The gnoll shouts!
The rat closely misses you.
You barely miss the rat. The rat barely misses you.
You hit the rat but do no damage. The rat bites you.
You hit the rat but do no damage. The rat misses you.
You hit the rat.
You kill the rat!
The gnoll misses you.
You hit the gnoll but do no damage. The gnoll hits you with a +0 flail!
Ouch! That really hurt!
* * * LOW HITPOINT WARNING * * *
You hit the gnoll.
The gnoll is lightly wounded.
The gnoll closely misses you.
You barely miss the gnoll.
The gnoll is lightly wounded.
The gnoll hits you with a +0 flail!
Ouch! That really hurt!
You die...

............8
...........# .
..........#.. ...
............ ....
...........
....##.........
#.?....g.....#
.......@.....####
....B............
.>.......)...#.
.$......>....##.
.................
.................
...............#.
.....................#
.>....##...#####.....###


You could see a gnoll and a giant cockroach.

Vanquished Creatures
  A dart slug (D:1)
  A bat (D:1)
  2 rats (D:1)
4 creatures vanquished.

Notes
Turn   | Place    | Note
-------+----------+-------------------------------------------
     0 | D:1      | cheechan the Mummy Enchanter began the quest for the Orb.
     0 | D:1      | Reached XP level 1. HP: 13/13 MP: 4/4
   170 | D:1      | Mangled by a gnoll

Illustrated notes

Levels and vault maps discovered:
D:1:      nicolae_arrival_memento_mori, layout_rooms,
          shapermc_ecumenical_altar_petra, chequers_serial_rivers_large_a

Action                   || total
-------------------------++-------
Melee: Dagger            ||    20
Armor: Robe              ||     3
Dodge: Dodged            ||     8

Table legend: (Time is in decaauts)
 A = Elapsed time spent in this place.
 B = Non-inter-level travel time spent in this place.
 C = Inter-level travel time spent in this place.
 D = Time resting spent in this place.
 E = Time spent auto-exploring this place.
 F = Levels seen in this place.
 G = Mean time per level.
                   A        B        C        D        E       F      G
               +--------+--------+--------+--------+--------+-----+--------+
         Total |    169 |    169 |      0 |      0 |      0 |   1 |  169.0 |
       Dungeon |    169 |    169 |      0 |      0 |      0 |   1 |  169.0 |
               +--------+--------+--------+--------+--------+-----+--------+

Top non-repeatable levels by time:
     D:1: 169 daAuts
